 Dungeon Crawl Stone Soup version 0.28-a0-563-gf77a47075d (webtiles) character file.

Game seed: 8529903578826564153

355416 Demosthentine the Phalangite (level 22, -17/194 HPs)
             Began as a Merfolk Gladiator on Sept 29, 2021.
             Was the Champion of the Shining One.
             Killed from afar by an ironbound frostheart (38 damage)
             ... by creeping frost
             ... on level 2 of the Vaults on Sept 30, 2021.
             The game lasted 01:11:35 (53438 turns).

Demosthentine the Phalangite (Merfolk Gladiator)   Turns: 53438, Time: 01:11:36

Health: -17/194    AC: 17    Str: 20    XL:     22   Next: 32%
Magic:  35/35      EV: 33    Int: 11    God:    the Shining One [******]
Gold:   4771       SH: 11    Dex: 23    Spells: 21/21 levels left

rFire   . . .      SeeInvis .   a - +9 trident (spect)
rCold   . . .      Faith    .   G - +0 buckler {AC+3}
rNeg    + + +      Spirit   .   L - +0 troll leather armour
rPois   +          Reflect  +   c - +0 helmet
rElec   .          Harm     .   y - +2 cloak
rCorr   +          Rampage  +   F - +0 pair of gloves
Will    +....                   v - +2 pair of boots {rampage}
Stlth   +.........              u - amulet of reflection
HPRegen 1.42/turn               J - ring "Ysog" {rCorr Str+4 Int+3}
MPRegen 0.24/turn               r - ring of poison resistance

@: mighty, marked, frozen, glowing, studying Translocations, very slow
A: (nimble swimmer 2), mertail, camouflage 1, mutation resistance 1, wild magic
1, noise suppression
}: 2/15 runes: decaying, gossamer
a: Renounce Religion, Divine Shield, Cleansing Flame, Summon Divine Warrior,
Brand Weapon With Holy Wrath


You were on level 2 of the Vaults.
You worshipped the Shining One.
The Shining One was exalted by your worship.
You visited 8 branches of the dungeon, and saw 37 of its levels.
You also visited: Sewer, Ossuary, Bailey and Gauntlet.

You collected 5760 gold pieces.
You spent 989 gold pieces at shops.

Inventory:

Hand Weapons
 a - a +9 spectral trident (weapon)
 I - a +4 trident of flaming
 X - a +4 trident of freezing
Missiles
 b - 2 throwing nets (quivered)
Armour
 c - a +0 helmet (worn)
 v - a +2 pair of boots of rampaging (worn)
 y - a +2 cloak (worn)
 F - a +0 pair of gloves (worn)
 G - a +0 buckler of protection (worn)
 L - a +0 troll leather armour (worn)
Jewellery
 k - a ring of protection from fire
 r - a ring of poison resistance (right hand)
 u - an amulet of reflection (around neck)
 D - an amulet of magic regeneration
 E - the amulet "Bouk" {+Blink rF+ rC+ Regen+ Int-5}
   (You took it off a yaktaur captain on level 1 of the Vaults)

   [amulet of regeneration]

   Int:       It affects your intelligence (-5).
   rF:        It protects you from fire.
   rC:        It protects you from cold.
   +Blink:    It lets you blink.
   Regen:     It increases your rate of health regeneration.
 J - the ring "Ysog" (left hand) {rCorr Str+4 Int+3}
   (You found it on level 3 of the Elven Halls)

   [ring of resist corrosion]

   Str:       It affects your strength (+4).
   Int:       It affects your intelligence (+3).
   rCorr:     It protects you from acid and corrosion.
 M - a ring of protection from cold
 N - a +6 ring of intelligence
 R - the ring of Fepemnut {Int+7 SInv}
   (You took it off a yaktaur captain on level 1 of the Vaults)

   [ring of see invisible]

   Int:       It affects your intelligence (+7).
   SInv:      It lets you see invisible.
 S - a ring of willpower
 T - a ring of flight
Wands
 d - a wand of acid (28)
 e - a wand of charming (20)
 g - a wand of iceblast (52)
 o - a wand of digging (3)
 p - a wand of paralysis (29)
 t - a wand of mindburst (72)
 x - a wand of flame (120)
Scrolls
 h - 4 scrolls of fog
 i - 15 scrolls of teleportation
 m - 19 scrolls of identify
 A - 4 scrolls of holy word
 K - 2 scrolls of blinking
 O - 3 scrolls of magic mapping
 P - 4 scrolls of silence
 Q - a scroll of enchant armour
Potions
 f - 2 potions of haste
 j - 8 potions of mutation
 l - 2 potions of berserk rage
 n - 15 potions of curing
 q - a potion of magic
 s - 9 potions of attraction
 w - 3 potions of cancellation
 z - a potion of might
 H - 2 potions of resistance


   Skills:
 + Level 21.3 Fighting
 + Level 26.8 Polearms
 - Level 2.0 Throwing
 - Level 5.5 Armour
 + Level 24.9 Dodging
 - Level 4.0 Shields
 + Level 19.9 Invocations


You had 21 spell levels left.
You didn't know any spells.
Your spell library contained the following spells:

 Spells                   Type           Power      Damage    Failure   Level
 Animate Skeleton         Necr           0%         N/A       47%         1
 Apportation              Tloc           0%         N/A       47%         1
 Beastly Appendage        Tmut           0%         N/A       47%         1
 Magic Dart               Conj           0%         1d3       47%         1
 Sandblast                Erth           0%         2d4       47%         1
 Sting                    Tmut/Pois      0%         1d3       47%         1
 Summon Small Mammal      Summ           0%         N/A       47%         1
 Call Imp                 Summ           0%         N/A       61%         2
 Corpse Rot               Necr/Air       N/A        N/A       61%         2
 Passwall                 Tmut/Erth      0%         N/A       61%         2
 Poisonous Vapours        Pois/Air       0%         N/A       61%         2
 Scorch                   Fire           0%         2d5       61%         2
 Searing Ray              Conj           0%         2d4       61%         2
 Static Discharge         Conj/Air       0%         N/A       61%         2
 Wereblood                Tmut           0%         N/A       61%         2
 Call Canine Familiar     Summ           0%         N/A       83%         3
 Gell's Gravitas          Tloc           0%         N/A       83%         3
 Lesser Beckoning         Tloc           0%         N/A       83%         3
 Spider Form              Tmut/Pois      0%         N/A       83%         3
 Stone Arrow              Conj/Erth      0%         3d7       83%         3
 Swiftness                Air            0%         N/A       83%         3
 Tukima's Dance           Hex            0%         N/A       83%         3
 Vampiric Draining        Necr           0%         2d6       83%         3
 Airstrike                Air            0%         N/A       99%         4
 Dispel Undead            Necr           0%         3d6       99%         4
 Flame Wave               Conj/Fire      0%         3d3       99%         4
 Fulminant Prism          Conj/Hex       0%         3d6       99%         4
 Hailstorm                Conj/Ice       0%         3d3       99%         4
 Ice Form                 Ice/Tmut       0%         N/A       99%         4
 Leda's Liquefaction      Hex/Erth       0%         N/A       99%         4
 Olgreb's Toxic Radiance  Pois           0%         N/A       99%         4
 Passage of Golubria      Tloc           N/A        N/A       99%         4
 Petrify                  Tmut/Erth      0%         N/A       99%         4
 Sticky Flame             Conj/Fire      0%         2d3       99%         4
 Summon Lightning Spire   Summ/Air       0%         N/A       99%         4
 Alistair's Intoxication  Tmut/Pois      0%         N/A       100%        5
 Fireball                 Conj/Fire      0%         3d3       100%        5
 Freezing Cloud           Conj/Ice/Air   0%         6-21      100%        5
 Iskenderun's Battlesphe  Conj           0%         2d6       100%        5
 Lee's Rapid Deconstruct  Erth           0%         3d5*      100%        5
 Metabolic Englaciation   Hex/Ice        0%         N/A       100%        5
 Silence                  Hex/Air        0%         N/A       100%        5
 Yara's Violent Unravell  Hex/Tmut       0%         3d3       100%        5
 Death Channel            Necr           0%         N/A       100%        6
 Invisibility             Hex            0%         N/A       100%        6
 Iron Shot                Conj/Erth      0%         9d1       100%        6
 Simulacrum               Ice/Necr       0%         N/A       100%        6
 Statue Form              Tmut/Erth      0%         N/A       100%        6
 Summon Cactus Giant      Summ           0%         N/A       100%        6
 Malign Gateway           Summ/Tloc      0%         N/A       100%        7
 Spellforged Servitor     Conj/Summ      0%         N/A       100%        7
 Storm Form               Tmut/Air       0%         N/A       100%        7
 Disjunction              Tloc           0%         N/A       100%        8
 Maxwell's Capacitive Co  Air            0%         ∞         100%        8
 Death's Door             Necr           0%         N/A       100%        9


Dungeon Overview and Level Annotations

Branches:
Dungeon (15/15)            Temple (1/1) D:4            Lair (6/6) D:11
  Swamp (4/4) Lair:4       Spider (4/4) Lair:2        Slime (0/5) Lair:6
    Orc (2/2) D:11            Elf (3/3) Orc:2        Vaults (2/5) D:14
 Depths (0/4) D:15          Sewer (visited)         Ossuary (visited)
 Bailey (visited)         Gauntlet (visited)
  Crypt: Vaults:2-3

Altars:
Ashenzari
Cheibriados
Dithmenos
Elyvilon
Fedhas
Gozag
Hepliaklqana
Kikubaaqudgha
Makhleb
Nemelex Xobeh
Okawaru
Qazlal
Ru
Sif Muna
Trog
Uskayaw
Vehumet
Wu Jian
Xom
Yredelemnul
Zin
The Shining One
Lugonu

Shops:
D:2 (   Orc:2 [![*   Vaults:2 *

Portals:
Abyss: Lair:6

Annotations:
D:5 Prince Ribbit
D:7 4 runed translucent doors
Lair:6 1 transporter, exclusion: 2 oklob plants, hydrownug's ghost, journeyman OgWn
Vaults:2 exclusion: obsidian statue, Buxkij's ghost, adept DsGl


Innate Abilities, Weirdness & Mutations

((You are quick and stealthy near water. (Stealth+, EV+, Speed+++)))
Your lower body shifts to a powerful aquatic tail in water.
Your skin changes colour to match your surroundings (Stealth+).
You are somewhat resistant to further mutation.
Your spells are a little harder to cast, but a little more powerful.
You passively dampen the noise of your surroundings.


Message History

You are encased in ice.
You hit Buxkij's ghost but do no damage.
Buxkij's ghost is severely damaged.
Your +9 spectral trident hits Buxkij's ghost but does no damage.
Buxkij's ghost completely misses you.
Unknown command.
You impale Buxkij's ghost!!
Buxkij's ghost is severely damaged.
Your +9 spectral trident completely misses Buxkij's ghost.
Unknown command.
You puncture Buxkij's ghost!
Buxkij's ghost is almost destroyed.
Your +9 spectral trident hits Buxkij's ghost from afar!
The deep elf high priest mumbles some strange prayers to its god.
The deep elf high priest begins emitting a brilliant aura!
The deep elf death mage is empowered by the deep elf high priest's aura!
The ironbound frostheart is empowered by the deep elf high priest's aura!
Buxkij's ghost misses you.
The ironbound frostheart calls freezing cold from the walls.
The frost grips you!!
* * * LOW HITPOINT WARNING * * *
You hit Buxkij's ghost but do no damage.
Buxkij's ghost is almost destroyed.
Your +9 spectral trident hits Buxkij's ghost but does no damage.
Unknown command.
You puncture Buxkij's ghost!
Buxkij's ghost is almost destroyed.
Your +9 spectral trident completely misses Buxkij's ghost.
The ice encasing you melts away. Buxkij's ghost barely misses you.
The ironbound frostheart calls freezing cold from the walls.
The frost grips you!!!
* * * LOW HITPOINT WARNING * * *
You are encased in ice.
Okay, then.
You feel much better. Buxkij's ghost hits you!!
* * * LOW HITPOINT WARNING * * *
The ironbound frostheart calls freezing cold from the walls.
The frost grips you!!!
You die...

##.8.##.Y# #...........#
#####...# #...........#
....# #+####+######
....# #...[..# ######
#......# #..<†..#
#..)...# #..§...#
#..@...#
################W######
..........)).†.Ope......
..........u))†.[e.......
...........))...........
..).....................
........................
++#############'########
....


You could see an ironbound thunderhulk, a deep elf death mage (empowered), an
ironbound frostheart (empowered), a deep elf high priest (brilliance aura) and
Buxkij's ghost.

Vanquished Creatures
  Bai Suzhen (Swamp:4)
  Nikola (Swamp:2)
  A tentacled monstrosity (Swamp:3)
  Rupert (D:14)
  Mlioglotl (Spider:2)
  4 deep elf master archers (Elf:3)
  5 deep elf blademasters
  A sphinx (Vaults:1)
  Gastronok (Lair:1)
  Frances (D:12)
  A thorn hunter (Swamp:4)
  Roxanne (Swamp:4)
  A fire giant (Vaults:1)
  A frost giant (Vaults:1)
  5 deep elf sorcerers
  5 emperor scorpions
  Aizul (Swamp:3)
  2 ghost moths
  5 vault wardens
  4 deep elf elementalists (Elf:3)
  4 ghouls
  5 very ugly things
  The ghost of Penusax the Martial Artist, a journeyman GnTm of the Shining One (Lair:6)
  A war gargoyle (Vaults:1)
  3 stone giants (Vaults:1)
  5 ironbound preservers
  Nessos (Lair:6)
  2 green draconians (Swamp:2)
  7 deep elf annihilators (Elf:3)
  A deep elf demonologist (Elf:3)
  4 entropy weavers
  A minotaur (Gauntlet)
  A spark wasp (Spider:4)
  A red draconian (Vaults:1)
  6 bunyips
  7 eleionomae
  3 ettins
  5 deep elf death magi
  2 deep elf high priests
  2 shambling mangroves (Swamp:4)
  An ironbound thunderhulk (Vaults:1)
  3 great orbs of eyes
  3 yaktaur captains (Vaults:1)
  7 boulder beetles
  28 hydras
  A rakshasa (D:15)
  15 vault guards
  A catoblepas (Gauntlet)
  10 centaur warriors
  An ironbound frostheart (Vaults:1)
  6 two-headed ogres
  11 alligators
  2 death knights
  4 ghost crabs
  A vampire mage (Vaults:1)
  26 dancing weapons
  A tengu warrior (D:14)
  8 death yaks
  4 orc high priests (Orc:2)
  2 thrashing horrors (Lair:6)
  5 skeletal warriors
  Sonja (Lair:6)
  A fire crab (shapeshifter) (D:13)
  17 deep elf knights
  9 deep trolls
  4 goliath frogs
  4 spriggan druids
  8 bog bodies
  10 swamp dragons
  A glowing orange brain (Vaults:1)
  10 lindwurms
  10 deep elf archers
  44 deep elf pyromancers
  4 phantasmal warriors
  11 orc knights
  2 wizards
  35 deep elf zephyrmancers
  20 orb spiders
  18 ugly things
  3 ironbound convokers
  A cyclops (D:14)
  An oklob plant (Lair:2)
  A necromancer (D:12)
  34 wolf spiders
  6 orc sorcerers
  9 spectral spriggans (Swamp:1)
  A manticore (D:13)
  6 will-o-the-wisps
  10 elephants
  A moth of wrath (Spider:4)
  3 vault sentinels (Vaults:2)
  An ice statue (Gauntlet)
  5 black mambas
  Maurice (D:11)
  3 gargoyles
  3 torpor snails
  13 cane toads
  5 unseen horrors
  Maggie (D:7)
  3 kobold demonologists
  8 komodo dragons
  3 rime drakes
  Psyche (D:10)
  6 freezing wraiths
  2 minotaur zombies (Gauntlet)
  2 yaktaurs (Vaults:1)
  16 demonic crawlers
  30 jumping spiders
  3 polar bears
  18 hornets
  5 tyrant leeches
  An ancient zyme (Lair:6)
  10 trolls
  A wolf spider simulacrum (D:12)
  A polar bear (shapeshifter) (Lair:6)
  A hornet (shapeshifter) (D:14)
  30 blink frogs
  4 large abominations
  11 dream sheep (Lair:5)
  26 slime creatures
  4 water elementals
  A redback (shapeshifter) (D:14)
  67 redbacks
  12 spriggans
  16 small abominations
  32 tarantellas
  A vampire (D:11)
  2 wyverns
  6 wraiths
  16 humans
  39 yaks
  2 ynoxinuls (Lair:6)
  Eustachio (D:5)
  2 fire elementals (Elf:2)
  4 chaos spawn (Lair:6)
  11 basilisks
  2 vampire mosquitoes (D:14)
  A warg (shapeshifter) (Vaults:1)
  15 swamp worms
  5 acid dragons
  4 wargs
  A floating eye (shapeshifter) (D:15)
  22 water moccasins
  2 ice beasts
  33 orc warriors
  A sky beast (D:6)
  2 black bears (D:6)
  10 swamp drakes
  9 ogres
  4 necrophages
  17 wolves
  15 centaurs
  A phantom (D:4)
  4 kobold brigands
  16 bullfrogs
  2 gnoll sergeants
  4 earth elementals
  2 scorpions
  A wyvern skeleton (D:7)
  6 killer bees (D:10)
  3 wights (D:8)
  A howler monkey (D:6)
  4 electric eels (Lair:4)
  6 centaur zombies
  A bullfrog zombie (D:6)
  2 centaur skeletons (D:7)
  3 hounds
  6 jellies
  2 gnoll shamans (D:7)
  A bullfrog skeleton (D:6)
  2 human zombies (Ossuary)
  13 orc priests
  An iguana (D:7)
  Ijyb (D:5)
  Natasha (thrice) (D:4)
  16 orc wizards
  A polar bear simulacrum (D:12)
  4 yak simulacra (D:12)
  3 wolf simulacra (D:12)
  A killer bee zombie (D:6)
  3 mummies (Ossuary)
  A hound zombie (D:5)
  19 gnolls
  10 adders
  A river rat (D:3)
  A white imp (D:7)
  2 adder skeletons
  3 worms
  3 dart slugs
  107 orcs
  3 ball pythons
  6 endoplasms
  6 giant cockroaches
  A gnoll zombie (Ossuary)
  9 goblins
  17 hobgoblins
  12 jackals
  2 quokkas (D:1)
  4 bats
  2 frilled lizards
  A hobgoblin zombie (Ossuary)
  30 kobolds
  2 kobold zombies (Ossuary)
  2 orc zombies (Ossuary)
  10 rats
  3 river rat simulacra (D:12)
  A briar patch (Swamp:4)
1474 creatures vanquished.

Vanquished Creatures (collateral kills)
  A lich (Vaults:1)
  An emperor scorpion (Spider:4)
  A frost giant (Vaults:1)
  An ironbound preserver (Vaults:2)
  A rakshasa (D:15)
  A death knight (D:15)
  A deep troll (Vaults:2)
  2 phantasmal warriors (D:15)
  An orb spider (Spider:4)
  A wolf spider (Spider:4)
  4 ugly things
  A demonic crawler (Spider:2)
  A jumping spider (Spider:4)
  3 hornets (Spider:4)
  2 redbacks (Spider:4)
22 creatures vanquished.

Vanquished Creatures (others)
  A deep elf archer (Elf:3)
  A deep elf pyromancer (Elf:2)
  A swamp dragon (Swamp:2)
  5 bloated husks (Swamp:1)
  A hornet (Swamp:2)
  A swamp drake (Swamp:4)
  2 briar patches (Swamp:4)
  17 foxfires
  10 fungi
  9 plants
  4 starspawn tentacles (Spider:2)
52 creatures vanquished.

Grand Total: 1548 creatures vanquished

Notes
Turn   | Place    | Note
-------+----------+-------------------------------------------
     0 | D:1      | Demosthentine the Merfolk Gladiator began the quest for the
                  | Orb.
     0 | D:1      | Reached XP level 1. HP: 16/16 MP: 1/1
   428 | D:1      | Reached XP level 2. HP: 23/23 MP: 2/2
  1314 | D:2      | Reached XP level 3. HP: 24/28 MP: 3/3
  1411 | D:2      | Reached skill level 5 in Polearms
  1591 | D:2      | Reached skill level 1 in Armour
  1667 | D:2      | Reached XP level 4. HP: 33/35 MP: 4/4
  1687 | D:2      | Found Utwo's Weapon Shop.
  2278 | D:3      | Found an ancient bone altar of Kikubaaqudgha.
  2360 | D:3      | Reached skill level 5 in Dodging
  2503 | D:3      | Reached XP level 5. HP: 20/41 MP: 5/5
  2539 | D:3      | HP: 2/41 [adder (4)]
  2676 | D:3      | Found a glowing drain.
  2683 | Sewer    | Entered a sewer
  2901 | Sewer    | Noticed a kobold brigand
  2913 | Sewer    | Killed a kobold brigand
  2914 | Sewer    | Reached skill level 6 in Polearms
  2914 | Sewer    | Reached XP level 6. HP: 42/48 MP: 6/6
  2966 | Sewer    | Found a white marble altar of Elyvilon.
  2991 | Sewer    | Became a worshipper of Elyvilon the Healer
  3725 | D:4      | Reached * piety under Elyvilon
  3729 | D:4      | Found a staircase to the Ecumenical Temple.
  3744 | Temple   | Entered the Ecumenical Temple
  3934 | D:4      | Reached skill level 1 in Shields
  3934 | D:4      | Reached XP level 7. HP: 18/55 MP: 7/7
  4149 | D:4      | Noticed Natasha
  4156 | D:4      | Killed Natasha
  4312 | D:4      | Found a hide-covered altar of Uskayaw.
  4524 | D:4      | Noticed Natasha
  4530 | D:4      | Killed Natasha
  4677 | D:4      | Noticed Natasha
  4680 | D:4      | Killed Natasha
  4681 | D:4      | Reached skill level 7 in Polearms
  4840 | D:5      | Entered Level 5 of the Dungeon
  4929 | D:5      | Reached ** piety under Elyvilon
  5070 | D:5      | Noticed Ijyb
  5073 | D:5      | Paralysed by Ijyb for 5 turns
  5080 | D:5      | Killed Ijyb
  5175 | D:5      | Found a stormy altar of Qazlal.
  5314 | D:5      | Noticed Eustachio
  5316 | D:5      | Noticed Prince Ribbit
  5333 | D:5      | Reached skill level 5 in Fighting
  5348 | D:5      | Killed Eustachio
  5349 | D:5      | Reached XP level 8. HP: 41/62 MP: 8/8
  5942 | D:6      | Reached skill level 8 in Polearms
  6121 | D:6      | Reached *** piety under Elyvilon
  6245 | D:6      | Reached XP level 9. HP: 63/69 MP: 9/9
  6328 | D:6      | Reached skill level 9 in Polearms
  6777 | D:7      | Found a shadowy altar of Dithmenos.
  6951 | D:7      | Found a sand-covered staircase.
  6989 | Ossuary  | Entered an ossuary
  7181 | D:7      | Noticed Maggie
  7194 | D:7      | Killed Maggie
  7222 | D:7      | Reached skill level 10 in Polearms
  7364 | D:7      | Reached **** piety under Elyvilon
  7391 | D:7      | Found a large runed translucent door.
  7391 | D:7      | Found a large runed translucent door.
  7406 | D:7      | Reached XP level 10. HP: 66/79 MP: 10/10
  7480 | D:7      | Reached skill level 5 in Armour
  7719 | D:7      | Found a large runed translucent door.
  7720 | D:7      | Found a large runed translucent door.
  7728 | D:7      | Noticed a seven-headed hydra
  7763 | D:7      | Reached skill level 10 in Dodging
  8120 | D:8      | Reached skill level 11 in Polearms
  8396 | D:8      | Identified the +10 halberd of Dismemberment {vorpal, Str+8
                  | Int-4}
  8960 | D:9      | Found a glowing golden altar of the Shining One.
  8967 | D:9      | Fell from the grace of Elyvilon
  8967 | D:9      | Became a worshipper of the Shining One
  8967 | D:9      | Reached * piety under the Shining One
  8967 | D:9      | Reached ** piety under the Shining One
  9004 | D:9      | Reached skill level 1 in Invocations
  9013 | D:9      | Found a flagged portal.
  9023 | Bailey   | Entered a bailey
  9445 | Bailey   | Noticed an orc knight
  9445 | Bailey   | Noticed an orc knight
  9463 | Bailey   | Reached skill level 10 in Fighting
  9463 | Bailey   | Reached skill level 13 in Polearms
  9463 | Bailey   | Reached skill level 5 in Invocations
  9463 | Bailey   | Reached XP level 11. HP: 90/90 MP: 11/15
  9504 | Bailey   | Killed an orc knight
  9518 | Bailey   | Killed an orc knight
  9999 | Bailey   | Noticed an orc knight
  9999 | Bailey   | Noticed an orc knight
 10042 | Bailey   | Killed an orc knight
 10043 | Bailey   | Reached XP level 12. HP: 98/98 MP: 16/16
 10132 | D:9      | Found a blossoming altar of Fedhas.
 11044 | D:10     | Entered Level 10 of the Dungeon
 11083 | D:10     | Found a white marble altar of Elyvilon.
 11120 | D:10     | Found an iron altar of Okawaru.
 11299 | D:10     | Found a snail-covered altar of Cheibriados.
 11379 | D:10     | Noticed a two-headed ogre
 11387 | D:10     | Reached skill level 14 in Polearms
 11397 | D:10     | Killed a two-headed ogre
 11730 | D:10     | Noticed Psyche
 11739 | D:10     | Killed Psyche
 12212 | D:11     | Noticed an eight-headed hydra
 12212 | D:11     | Reached *** piety under the Shining One
 12218 | D:11     | Killed an eight-headed hydra
 12218 | D:11     | Noticed Maurice
 12248 | D:11     | Killed Maurice
 12509 | D:11     | Found a staircase to the Lair.
 12851 | D:11     | Found a staircase to the Orcish Mines.
 13138 | D:12     | Noticed Frances
 13150 | D:12     | Killed Frances
 13151 | D:12     | Reached skill level 15 in Polearms
 13232 | D:12     | Noticed a two-headed ogre
 13245 | D:12     | Killed a two-headed ogre
 13246 | D:12     | Reached XP level 13. HP: 99/107 MP: 19/19
 13381 | D:12     | Noticed a great orb of eyes
 14524 | D:12     | Identified the +3 leather armour of Watchfulness {rCorr}
 14857 | D:12     | Reached skill level 16 in Polearms
 14945 | D:12     | Killed a great orb of eyes
 15005 | D:12     | Reached **** piety under the Shining One
 15154 | D:12     | Reached skill level 15 in Dodging
 15658 | D:13     | Reached ***** piety under the Shining One
 16325 | D:13     | Identified the +6 hand crossbow of Pestilence {flame,
                  | Int+2}
 16570 | D:13     | Reached skill level 10 in Invocations
 17138 | D:14     | Noticed Rupert
 17138 | D:14     | Found a gate to the Vaults.
 17141 | D:13     | Upgraded the game from 0.28-a0-556-gab23d0e057 to
                  | 0.28-a0-563-gf77a47075d
 17446 | D:14     | Reached XP level 14. HP: 62/118 MP: 21/21
 17725 | D:14     | Reached skill level 17 in Polearms
 18001 | D:14     | Paralysed by Rupert for 7 turns
 18028 | D:14     | Killed Rupert
 19840 | D:15     | Entered Level 15 of the Dungeon
 20012 | D:15     | Found a gate leading to a gauntlet.
 20021 | Gauntlet | Entered a Gauntlet
 20021 | Gauntlet | Found a transporter.
 20021 | Gauntlet | Found a transporter.
 20213 | Gauntlet | Found a transporter.
 20216 | Gauntlet | Found a transporter.
 20224 | Gauntlet | Found a transporter.
 20229 | Gauntlet | Found a transporter.
 20233 | Gauntlet | Found a runed translucent door.
 20235 | Gauntlet | Found a runed translucent door.
 20237 | Gauntlet | Found a transporter.
 20257 | Gauntlet | Found a transporter.
 20277 | Gauntlet | Found a transporter.
 20278 | Gauntlet | Found a transporter.
 20287 | Gauntlet | Found a transporter.
 20291 | Gauntlet | Found a transporter.
 20712 | Gauntlet | Found a runed translucent door.
 20935 | Gauntlet | Reached skill level 18 in Polearms
 20987 | Gauntlet | Identified the +7 falchion "Niph" {freeze, rF- rCorr Dex+4}
 21066 | Gauntlet | Identified the +7 rapier "Enin" {drain, Int+3}
 21067 | Gauntlet | Got the Collected Works on Stolen Souls
 21297 | D:15     | Found a staircase to the Depths.
 21472 | D:15     | Reached XP level 15. HP: 59/126 MP: 15/23
 23177 | Lair:1   | Entered Level 1 of the Lair of Beasts
 23816 | Lair:1   | Noticed Gastronok
 23842 | Lair:1   | Killed Gastronok
 24476 | Lair:2   | You fall into a shaft and drop 1 floor!
 24589 | Lair:2   | Reached skill level 19 in Polearms
 24865 | Lair:2   | Found a hole to the Spider Nest.
 25791 | Lair:2   | Reached skill level 15 in Fighting
 26582 | Lair:4   | Reached ****** piety under the Shining One
 26776 | Lair:4   | Found a staircase to the Swamp.
 27402 | Lair:4   | Reached skill level 20 in Polearms
 27402 | Lair:4   | Reached XP level 16. HP: 137/137 MP: 24/26
 27464 | Lair:5   | Reached XP level 17. HP: 143/143 MP: 27/27
 28090 | Lair:5   | Got the Reference Book on the Traveller
 28223 | Lair:6   | Entered Level 6 of the Lair of Beasts
 28250 | Lair:6   | Found a staircase to the Slime Pits.
 28369 | Lair:6   | Noticed Nessos
 28393 | Lair:6   | Killed Nessos
 28476 | Lair:6   | Found a transporter.
 28479 | Lair:6   | Noticed Penusax's ghost (journeyman GnTm)
 28480 | Lair:6   | Noticed hydrownug's ghost (journeyman OgWn)
 28651 | Lair:6   | Identified the amulet "Hasah" {Acrobat Will+}
 29149 | Lair:6   | Found a transporter.
 29171 | Lair:6   | Noticed Sonja
 29179 | Lair:6   | Killed Sonja
 29539 | Lair:6   | Found a corrupted altar of Lugonu.
 29539 | Lair:6   | Found a one-way gate to the infinite horrors of the Abyss.
 29660 | Lair:6   | HP: 5/144 [death yak (16)]
 29662 | Lair:6   | Killed Penusax's ghost
 30160 | Orc:1    | Entered Level 1 of the Orcish Mines
 30899 | Orc:2    | Entered Level 2 of the Orcish Mines
 30971 | Orc:2    | Found a staircase to the Elven Halls.
 30995 | Orc:2    | Reached skill level 21 in Polearms
 31171 | Orc:2    | Found Nesyac's General Store.
 31599 | Orc:2    | Found Lofo's Armour Boutique.
 31608 | Orc:2    | Found Cata's Distillery.
 31626 | Orc:2    | Found Gopiazu's Antique Armour Emporium.
 31634 | Orc:2    | Bought a scroll of blinking for 90 gold pieces
 31645 | Orc:2    | Bought a potion of mutation for 120 gold pieces
 31645 | Orc:2    | Bought a potion of curing for 45 gold pieces
 31645 | Orc:2    | Bought a potion of haste for 150 gold pieces
 31645 | Orc:2    | Bought a potion of curing for 45 gold pieces
 31645 | Orc:2    | Bought a potion of curing for 45 gold pieces
 31645 | Orc:2    | Bought a potion of cancellation for 120 gold pieces
 31648 | Orc:2    | Bought a pair of runed boots for 187 gold pieces
 31648 | Orc:2    | Bought a runed cloak for 187 gold pieces
 32058 | Lair:1   | Gained mutation: You expend magic power (3 MP) to
                  | strengthen your wands. [potion of mutation]
 32058 | Lair:1   | Gained mutation: Your skin changes colour to match your
                  | surroundings (Stealth+). [potion of mutation]
 32059 | Lair:1   | Lost mutation: You expend magic power (3 MP) to strengthen
                  | your wands. [potion of mutation]
 32059 | Lair:1   | Gained mutation: You passively map a small area around you.
                  | [potion of mutation]
 32059 | Lair:1   | Gained mutation: Your mind is acute. (Int +2) [potion of
                  | mutation]
 32060 | Lair:1   | Lost mutation: You passively map a small area around you.
                  | [potion of mutation]
 32060 | Lair:1   | Lost mutation: Your mind is acute. (Int +2) [potion of
                  | mutation]
 32060 | Lair:1   | Gained mutation: You have a somewhat thin skeletal
                  | structure. (Dex +2, Stealth+) [potion of mutation]
 32061 | Lair:1   | Lost mutation: You have a somewhat thin skeletal structure.
                  | (Dex +2, Stealth+) [potion of mutation]
 32061 | Lair:1   | Gained mutation: Your spells are a little harder to cast,
                  | but a little more powerful. [potion of mutation]
 32061 | Lair:1   | Gained mutation: You passively dampen the noise of your
                  | surroundings. [potion of mutation]
 32061 | Lair:1   | Gained mutation: You are somewhat resistant to further
                  | mutation. [potion of mutation]
 32151 | Swamp:1  | Entered Level 1 of the Swamp
 33219 | Swamp:1  | Reached skill level 15 in Invocations
 33219 | Swamp:1  | Reached XP level 18. HP: 153/153 MP: 29/29
 33614 | Swamp:2  | Noticed Nikola
 33778 | Swamp:2  | Got Xaubock's Reference Book on the Supportive Arsonist
 34366 | Swamp:2  | HP: 6/155 [Nikola/arc of chain lightning (111)]
 34497 | Swamp:2  | Killed Nikola
 34498 | Swamp:2  | Reached skill level 22 in Polearms
 35101 | Swamp:3  | Noticed a tentacled monstrosity
 35121 | Swamp:3  | Killed a tentacled monstrosity
 35532 | Swamp:3  | Noticed Aizul
 35555 | Swamp:3  | Killed Aizul
 35687 | Swamp:4  | Entered Level 4 of the Swamp
 35887 | Swamp:4  | Noticed Bai Suzhen
 35995 | Swamp:4  | Killed Bai Suzhen
 36209 | Swamp:4  | Noticed Roxanne
 36418 | Swamp:4  | Killed Roxanne
 36682 | Swamp:4  | Reached XP level 19. HP: 147/163 MP: 31/31
 37187 | Swamp:4  | Reached skill level 23 in Polearms
 37439 | Swamp:4  | Got a decaying rune of Zot
 37694 | Spider:1 | Entered Level 1 of the Spider Nest
 39627 | Spider:2 | Noticed Mlioglotl
 39641 | Spider:2 | Paralysed by accursed screaming for 1 turns
 39642 | Spider:2 | HP: 6/165 [sun demon[Mlioglotl] (7)]
 39642 | Spider:2 | The Shining One protects you from harm!
 39643 | Spider:2 | Killed Mlioglotl
 41562 | Spider:4 | Entered Level 4 of the Spider Nest
 42081 | Spider:4 | Reached skill level 24 in Polearms
 43157 | Spider:4 | Reached XP level 20. HP: 133/174 MP: 32/32
 44313 | Spider:4 | Got a gossamer rune of Zot
 44781 | Elf:1    | Entered Level 1 of the Elven Halls
 45263 | Elf:1    | Got the Collected Works on Creative Combat Magic
 45984 | Elf:2    | Identified the +5 broad axe of Truncation {antimagic, Fly
                  | Stlth+}
 46330 | Elf:2    | Identified the amulet of Hing {-Tele Regen+ Str+4}
 46856 | Elf:2    | Reached skill level 25 in Polearms
 46860 | Elf:2    | Found a runed translucent gate.
 46861 | Elf:2    | Found a runed translucent gate.
 46861 | Elf:2    | Found a runed translucent gate.
 47994 | Elf:3    | Entered Level 3 of the Elven Halls
 48266 | Elf:3    | Reached XP level 21. HP: 183/183 MP: 34/34
 48828 | Elf:3    | HP: 8/183 [deep elf blademaster (8)]
 50219 | Elf:3    | Got the Compendium of Weightlessness
 50222 | Elf:3    | Identified the ring "Ysog" {rCorr Str+4 Int+3}
 50226 | Elf:3    | Identified the +11 broad axe of Cemymaen {flame, rF+
                  | Stlth+}
 50252 | Elf:3    | Found the ring of Shadows {Umbra +Inv Stlth+}
 50253 | Elf:3    | Found the +10 tower shield of Ignorance {rN+ Int-4}
 50326 | Elf:3    | Identified the +5 ice dragon scales "Fyngasch" {Rampage rF-
                  | rC++ Will- Str-5 Dex+8}
 50562 | Elf:3    | Identified the +5 quarterstaff of the Endless March
                  | {protect, rF- rN+ rCorr}
 50848 | Vaults:1 | Entered Level 1 of the Vaults
 51091 | Vaults:1 | Reached skill level 26 in Polearms
 51360 | Vaults:1 | Paralysed by a great orb of eyes for 7 turns
 52442 | Vaults:1 | Identified the amulet "Bouk" {+Blink rF+ rC+ Regen+ Int-5}
 52455 | Vaults:1 | Identified the ring of Fepemnut {Int+7 SInv}
 52458 | Vaults:1 | Reached XP level 22. HP: 95/194 MP: 27/35
 52707 | Vaults:1 | Paralysed by a sphinx for 2 turns
 53173 | Vaults:2 | Found a runed translucent gate.
 53174 | Vaults:2 | Found a runed translucent gate.
 53174 | Vaults:2 | Found an opulent altar of Gozag.
 53175 | Vaults:2 | Found a runed translucent gate.
 53177 | Vaults:2 | Noticed Buxkij's ghost (adept DsGl)
 53179 | Vaults:2 | Found Niac's Assorted Antiques.
 53438 | Vaults:2 | Killed from afar by an ironbound frostheart

Illustrated notes

Levels and vault maps discovered:
D:1:      roderic_crop_circles_arrival_small, layout_loops_corners, st_stairs_14
D:2:      layout_basic, serial_shops, shop_statue
D:3:      layout_loops_ring, kiku_gazebo_pond_becter, gup_sewer_entry_bubbles
D:4:      layout_basic, nicolae_uskayaw_dance_hall, temple_pool_b,
          grunt_tough_drop, uniq_natasha
D:5:      layout_basic, nicolae_qazlal_scattered_showers, uniq_ijyb,
          uniq_eustachio, uniq_prince_ribbit1
D:6:      minmay_octagon_keep, layout_basic, st_stairs_6
D:7:      layout_loops_ring, general_overflow_altar,
          nicolae_ossuary_entry_false_entrances, minmay_misc_feat_secret_circle,
          kennysheep_minor_cross, kennysheep_decorative_pillar,
          skrybe_limestone_x, minmay_hollow_rounded_squares, uniq_maggie
D:8:      layout_loops_cross
D:9:      layout_layer_cave, tso_altar, fedhas_altar_4, enter_bailey_4
D:10:     layout_gridville, amcnicky_altar_gilded, old_standard_altar,
          kennysheep_mini, uniq_psyche
D:11:     layout_cross, lair_entry_dummy, david_orc_4, grunt_ministairs_10,
          uniq_maurice
D:12:     minmay_the_grid_triangle_9x9_recursive_2_mashed
          [minmay_the_grid_triangle_9x9_prize_top_heavy,
          minmay_the_grid_triangle_9x9_from_above,
          minmay_the_grid_triangle_9x9_windchime,
          minmay_the_grid_triangle_9x9_skeleton], layout_cave_pods, minivault_5,
          eino_house_with_fridge, uniq_frances
D:13:     layout_irregular_city
D:14:     layout_irregular_city, david_vaults_3, minmay_misc_feat_five
D:15:     gammafunk_enter_depths_forms, layout_loops_corners,
          gauntlet_entry_generic
Temple:   dshaligram_water_room_temple
Lair:1:   layout_chaotic_city, grunt_megastairs_5, uniq_gastronok
Lair:2:   layout_layer_cave, spider_nest_entry_a, serial_rivers,
          chequers_serial_rivers_large_a, chequers_serial_rivers_micro_d,
          chequers_serial_rivers_micro_b, chequers_serial_rivers_micro_d,
          chequers_serial_rivers_micro_c, chequers_serial_rivers_large_b
Lair:3:   layout_hall_layers, grunt_megastairs_3, serial_bayou_shore_b
Lair:4:   layout_regular_city, minmay_swamp_entry_eels, minivault_11,
          infiniplex_staircase_pool
Lair:5:   layout_hall_layers, grunt_megastairs_4
Lair:6:   hellmonk_lair_end_abyssal_woods, layout_long_grid,
          minmay_slime_entry_pillars, nzn_ghost_randoct, uniq_nessos, uniq_sonja
Swamp:1:  nicolae_swamp_flooded_prison, layout_basic_swamp,
          hangedman_swamp_ruin_wall
Swamp:2:  layout_falls_marsh, serial_swamp_ruin, evilmike_swamp_ruin_house_3,
          evilmike_swamp_ruin_house_5, swamp_pool4, hangedman_swamp_dais,
          uniq_nikola
Swamp:3:  layout_basic_swamp, evilmike_swamp_ruin_house_4, uniq_aizul
Swamp:4:  swamp_basic_johnstein, layout_basic_swamp, uniq_bai_suzhen,
          uniq_roxanne
Spider:1: layout_spider_delve
Spider:2: layout_spider_delve, uniq_mlioglotl
Spider:3: layout_spider_delve
Spider:4: guppyfry_spider_rune
Orc:1:    cheibrodos_orc_bank, layout_caves, nicolae_orc_tapped_out
Orc:2:    st_orc_elflike, layout_caves
Elf:1:    minmay_elf_arrival_plus, layout_loops_ring, minmay_elf_sorcery
Elf:2:    nicolae_elf_blades_crystal_corner, layout_rooms, st_stairs_4
Elf:3:    minmay_elf_hall, layout_gridlike
Vaults:1: st_greater_box_5, vaults_room_grunt_arrival_checkpoint,
          vaults_standard_mumra_lines, nicolae_vaults_hallways_thing,
          nicolae_vaults_network_s, nicolae_vaults_little_squares_5,
          nicolae_vaults_what_the_h, v_misc_13, v_misc_30,
          nicolae_vaults_gold_heap, layout_vaults_omnicross
Vaults:2: ebering_vaults_ghost_gozag, nicolae_vaults_triangles,
          minmay_crypt_entry_simple_walls,
          nicolae_vaults_windows_and_doors_thing, v_misc_17,
          dpeg_vaults_monster_row, ontoclasm_vaults_chip, v_misc_10,
          hangedman_vaults_river_flow, nicolae_vaults_lopsided_apartments,
          nicolae_vaults_little_squares_3, vaults_mumra_chevron,
          layout_vaults_ring

Skill      XL: |  1  2  3  4  5  6  7  8  9 10 11 12 13 14 15 16 17 18 19 20 21 |
---------------+----------------------------------------------------------------+-----
Polearms       | 5 6 7 8 10 13 15 16 18 20 21 22 24 25 26 | 26.8
Armour         | 1 2 3 4 5 |  5.5
Fighting       | 3 4 5 6 7 10 11 13 14 15 16 18 19 20 21 | 21.3
Dodging        | 5 6 7 9 12 14 15 17 18 20 21 22 23 24 | 24.9
Shields        | 1 2 3 4 |  4.0
Invocations    | 5 6 8 10 11 13 15 16 17 18 19 | 19.9
Throwing       | |  2.0

Action                   |  1- 3 |  4- 6 |  7- 9 | 10-12 | 13-15 | 16-18 | 19-21 | 22-24 || total
-------------------------+-------+-------+-------+-------+-------+-------+-------+-------++-------
Melee: Trident           |   114 |   159 |   230 |   452 |  1505 |  1727 |  1867 |   184 ||  6238
       Tailslap          |       |     5 |       |       |     7 |    74 |    45 |       ||   131
       Unarmed           |       |       |       |     7 |       |       |       |       ||     7
Throw: Throwing net      |       |       |     4 |     6 |     3 |     2 |     1 |       ||    16
Invok: Divine Shield     |       |       |       |       |     5 |     3 |     2 |       ||    10
       Summon Divine War |       |       |       |       |     2 |     1 |     4 |     1 ||     8
       Cleansing Flame   |       |       |       |       |       |       |     2 |     4 ||     6
Evoke: Wand              |       |       |       |       |       |     2 |       |       ||     2
  Use: Scroll            |     6 |     7 |     3 |     8 |     6 |     3 |    12 |     5 ||    50
       Potion            |       |       |       |     5 |     8 |     8 |     4 |     4 ||    29
 Stab: Sleeping          |     4 |     2 |     4 |     2 |       |       |       |       ||    12
       Distracted        |       |       |     4 |       |       |       |       |       ||     4
       Held in net/web   |       |       |     3 |       |       |       |       |       ||     3
Armor: Leather armour    |    18 |    25 |    17 |    29 |    42 |       |   170 |       ||   301
       Skin              |       |       |       |     1 |       |       |       |       ||     1
       Troll leather arm |       |       |       |       |    55 |   104 |    37 |    18 ||   214
Dodge: Dodged            |    57 |    66 |    74 |   160 |   666 |   960 |  1429 |    85 ||  3497
Block: Buckler           |       |       |    15 |   172 |   450 |   615 |   746 |    61 ||  2059
       Reflection        |       |       |     4 |     6 |    15 |    10 |    31 |     9 ||    75
       Other             |       |       |       |     1 |       |       |       |       ||     1

Table legend: (Time is in decaauts)
 A = Elapsed time spent in this place.
 B = Non-inter-level travel time spent in this place.
 C = Inter-level travel time spent in this place.
 D = Time resting spent in this place.
 E = Time spent auto-exploring this place.
 F = Levels seen in this place.
 G = Mean time per level.
                   A        B        C        D        E       F      G
               +--------+--------+--------+--------+--------+-----+--------+
         Total |  50774 |  48355 |   2419 |   4399 |  34168 |  41 | 1238.4 |
       Dungeon |  20162 |  19356 |    806 |    746 |  15334 |  15 | 1344.1 |
        Temple |     93 |     93 |      0 |      0 |     59 |   1 |   93.0 |
          Lair |   7068 |   6511 |    557 |    361 |   4465 |   6 | 1178.0 |
         Swamp |   4676 |   4535 |    141 |    832 |   2462 |   4 | 1169.0 |
   Spider Nest |   6367 |   6202 |    165 |   1126 |   4006 |   4 | 1591.8 |
  Orcish Mines |   1797 |   1648 |    149 |     22 |   1245 |   2 |  898.5 |
   Elven Halls |   5700 |   5174 |    526 |    637 |   3681 |   3 | 1900.0 |
        Vaults |   2402 |   2330 |     72 |    322 |   1468 |   2 | 1201.0 |
         Sewer |    307 |    307 |      0 |      0 |    245 |   1 |  307.0 |
       Ossuary |    161 |    161 |      0 |      0 |    100 |   1 |  161.0 |
        Bailey |   1033 |   1033 |      0 |      0 |    817 |   1 | 1033.0 |
      Gauntlet |   1002 |   1002 |      0 |    352 |    284 |   1 | 1002.0 |
               +--------+--------+--------+--------+--------+-----+--------+

Top non-repeatable levels by time:
    D:13: 2799 daAuts
   Elf:2: 2410 daAuts
Vaults:1: 2238 daAuts
   Elf:3: 2066 daAuts
Spider:3: 2004 daAuts
    D:12: 2001 daAuts
 Swamp:1: 1890 daAuts
    D:15: 1846 daAuts
Spider:2: 1834 daAuts
Spider:4: 1821 daAuts
    D:14: 1776 daAuts
  Lair:6: 1646 daAuts
  Lair:1: 1635 daAuts
  Lair:2: 1555 daAuts
 Swamp:4: 1493 daAuts
